 Dungeon Crawl Stone Soup version 0.31-a0-263-ge8cad7f256 (webtiles) character file.

Game seed: 10056113285172261064

4962 spiderkeys the Summoner (level 10, -8/62 (68) HPs)
             Began as a Demonspawn Wanderer on July 14, 2023.
             Was a Believer of Hepliaklqana.
             Mangled by a wight
             ... wielding a +4 battleaxe
              (19 damage)
             ... on level 8 of the Dungeon.
             The game lasted 00:18:24 (8906 turns).

spiderkeys the Summoner (Demonspawn Wanderer)       Turns: 8906, Time: 00:18:24

HP:   -8/62 (68)    AC: 10    Str: 12    XL:     10   Next: 28%
MP:   13/19         EV: 13    Int: 20    God:    Hepliaklqana [**....]
Gold: 367           SH:  0    Dex: 11    Spells: 14/22 levels left

rFire   . . .        w - +3 spear (distort) {!w}
rCold   + . .        (no shield)
rNeg    . . .        r - +2 robe {rC+}
rPois   .            (helmet restricted)
rElec   .            h - +0 cloak
rCorr   .            o - +0 pair of gloves
SInv    .            (no boots)
Will    .....        (no amulet)
Stlth   +            O - +4 ring of protection
HPRegen 0.30/turn    Z - ring of wizardry
MPRegen 0.16/turn

%: wizardry (x1)
@: mighty, about to teleport, drained
A: reduced essence, horns 1, powered by pain 2
a: Renounce Religion, Recall Ancestor, Ancestor Identity


You were on level 8 of the Dungeon.
You worshipped Hepliaklqana.
Hepliaklqana was pleased with you.
You visited 1 branch of the dungeon, and saw 8 of its levels.

You collected 367 gold pieces.


Innate Abilities, Weirdness & Mutations

Your life essence is reduced to manifest your ancestor. (-10% HP)
You have a pair of small horns on your head.
You sometimes gain power by taking damage.


   Skills:
 - Level 6.0 Fighting
 + Level 6.3(6.7) Polearms
 - Level 3.0(5.1) Staves
 - Level 1.0 Throwing
 + Level 4.3 Dodging
 + Level 6.6 Spellcasting
 + Level 9.3 Summonings


You had 14 spell levels left.
You knew the following spells:

 Your Spells              Type           Power      Damage    Failure   Level
c - Call Canine Familiar  Summ           44%        N/A       1%          3
i - Summon Ice Beast      Ice/Summ       25%        N/A       6%          4
s - Summon Small Mammal   Summ           100%       N/A       1%          1

Your spell library contained the following spells:

 Spells                   Type           Power      Damage    Failure   Level
 Sublimation of Blood     Necr           6%         N/A       6%          2
 Wereblood                Tmut           6%         N/A       6%          2
 Volatile Blastmotes      Fire/Tloc      12%        2d11      12%         3
 Passage of Golubria      Tloc           6%         N/A       36%         4
 Summon Hydra             Summ           22%        N/A       54%         7

Inventory:

Hand Weapons
 w - a +3 spear of distortion (weapon) {!w}
   (You found it on level 3 of the Dungeon)
 U - the +1 trident of Doilixt {flame, +Blink Int+5}
   (You found it on level 6 of the Dungeon)

   Int:       It affects your intelligence (+5).
   +Blink:    It lets you blink.
Missiles
 b - 40 poisoned darts
 q - 4 javelins
 u - 2 atropa-tipped darts
 C - 25 stones
 J - 5 boomerangs
 M - a throwing net {=f!f}
Armour
 a - a +0 robe
   (You took it off a wight on level 7 of the Dungeon)
 c - a +0 robe
   (You took it off a wight on level 7 of the Dungeon)
 e - a +0 robe
   (You took it off a wight on level 7 of the Dungeon)
 f - a +0 robe
   (You took it off an orc wizard on level 7 of the Dungeon)
 h - a +0 cloak (worn)
   (You found it on level 1 of the Dungeon)
 i - a +0 robe
   (You took it off an orc wizard on level 7 of the Dungeon)
 k - a +0 robe
   (You took it off a kobold demonologist on level 7 of the Dungeon)
 m - a +0 robe
   (You took it off Pikel on level 7 of the Dungeon)
 o - a +0 pair of gloves (worn)
   (You found it on level 2 of the Dungeon)
 r - a +2 robe of cold resistance (worn)
   (You took it off Sigmund on level 2 of the Dungeon)
 v - a +0 chain mail
   (You took it off an orc priest on level 7 of the Dungeon)
 x - a +0 robe
   (You took it off a wight on level 7 of the Dungeon)
 y - a +0 robe
   (You took it off a wight on level 7 of the Dungeon)
 z - a +3 leather armour of fire resistance
   (You took it off Duvessa on level 7 of the Dungeon)
 A - a +0 robe
   (You took it off Dowan on level 7 of the Dungeon)
 E - a +0 leather armour
   (You took it off an orc on level 7 of the Dungeon)
 I - a +0 leather armour
   (You took it off an orc on level 7 of the Dungeon)
 K - a +0 chain mail
   (You took it off an orc warrior on level 8 of the Dungeon)
Magical Staves
 j - a staff of fire {!a}
   (You found it on level 7 of the Dungeon)
Jewellery
 F - a ring of fire
   (You found it on level 2 of the Dungeon)
 O - a +4 ring of protection (left hand)
   (You found it on level 6 of the Dungeon)
 Z - a ring of wizardry (right hand)
   (You found it on level 5 of the Dungeon)
Wands
 H - a wand of flame (10)
   (You found it on level 5 of the Dungeon)
 Q - a wand of paralysis (4)
   (You found it on level 5 of the Dungeon)
 R - a wand of mindburst (39)
   (You found it on level 5 of the Dungeon)
 T - a wand of roots (4)
   (You found it on level 6 of the Dungeon)
Scrolls
 d - 2 scrolls of fog
 g - 2 scrolls of poison {!r}
 l - 3 scrolls of teleportation {@r4}
 s - a scroll of immolation {unknown}
 P - a scroll of revelation
 W - a scroll of amnesia
Potions
 n - a potion of berserk rage {unknown}
 p - a potion of degeneration {unknown}
 t - a potion of ambrosia {unknown}
 B - a potion of cancellation {unknown}
 D - a potion of brilliance
 G - 2 potions of curing {@q1}

Dungeon Overview and Level Annotations

Branches:
Dungeon (8/15) Zot: 26738  Temple (0/1) D:6            Lair (0/5) D:8

Altars:
Cheibriados
Hepliaklqana
Uskayaw
Wu Jian

#.......# #..
........# #.####
........# #....#
##......# #.##.# .
##...#.#####.##.# .##
####.##.......##.##..#
.....#####.........#
........########.#.#
.######.# #@#.# #
########z#.#.##
#......z.....#
#.###K.z.....#
#.#o###..# ##.###KoK#
.# ....)...z# #
......)).# ....:.)..#


You could see a kobold brigand, 4 wights, an orc wizard, an orc and 2 kobolds.


Message History

You lost 4 mp, and now have 11/19 mp.
Casting: Summon Ice Beast (dangerous; 6% risk of failure)
Confirm with . or Enter, or press ? or * to list all spells.
Okay, then.
You completely miss the bullfrog. You headbutt the bullfrog.
The bullfrog completely misses you.
Your wolf misses the bullfrog.
A kobold brigand comes into view.
It is wielding a +0 short sword and quivering poisoned darts.
The orc closely misses your wolf.
A kobold comes into view.
It is wielding a +0 dagger and quivering poisoned darts.
You closely miss the bullfrog.
The bullfrog hits you but does no damage.
Your wolf closely misses the bullfrog.
The orc hits your wolf with a +0 short sword.
The orc wizard hits your wolf but does no damage.
The kobold completely misses your wolf. The bullfrog closely misses you.
You closely miss the bullfrog. You headbutt the bullfrog.
Your wolf bites the orc.
Your ice beast hits the wight but does no damage.
The bullfrog swells and bulges.
The bullfrog hits you but does no damage.
Your wolf bites the orc!
The orc dies!
The wight hits you but does no damage.
The orc wizard hits your wolf but does no damage. 😕 HP[+1]
You barely miss the bullfrog. You headbutt the bullfrog.
Your wolf barely misses the orc wizard.
The bullfrog barely misses you.
Your ice beast closely misses the wight.
You closely miss the bullfrog. Your wolf misses the orc wizard.
The orc wizard closely misses your wolf.
The wight closely misses your wolf. The orc hits you but does no damage.
The wight hits you with a +0 falchion.
You feel drained. The kobold hits you but does no damage.
The bullfrog barely misses you. 😕 HP[-5] MP[+1]
You now have 67 max hp (-1).
You take 5 damage, and now have 57/67 hp.
The wight attacks as you move away! The wight closely misses you.
Your wolf bites the orc wizard but does no damage.
Your ice beast hits the bullfrog.
Your ice beast freezes the bullfrog!
The bullfrog dies!
The wight hits your ice beast with a +0 falchion.
The wight drains your ice beast.
The wight hits your wolf with a +3 battleaxe!!
Your wolf dies!
Your wolf's corpse disappears in a puff of smoke!
The kobold hits your ice beast with a +0 short sword.
Your life force feels restored.
You now have 68 max hp (+1).
The wight attacks as you move away! The wight hits you but does no damage.
The wight completely misses your ice beast.
Your ice beast hits the kobold but does no damage.
The wight hits your ice beast with a +0 falchion.
The wight drains your ice beast.
The kobold hits your ice beast with a +0 short sword. 😕 HP[+1]
You hit the wight.
The wight blinks!
Your ice beast closely misses the wight.
The wight hits your ice beast with a +0 falchion.
The wight hits you with a +4 battleaxe!
You focus on the pain.
You feel very mighty all of a sudden.
You feel drained.
The kobold hits your ice beast but does no damage.
Your magical contamination has completely faded away. 😮 HP[-16]
You now have 66 max hp (-2).
You take 16 damage, and now have 42/66 hp.
MASSIVE DAMAGE!! (PAUSE)
The orc wizard casts a spell at you. The puff of flame hits your ice beast!
Your ice beast melts!
Your ice beast dies!
Your ice beast disappears in a puff of smoke!
The wight hits you with a +4 battleaxe!
* * * LOW HITPOINT WARNING * * *
😨 HP[-11]
You take 11 damage, and now have 31/66 hp.
The wight hits you with a +4 battleaxe!
* * * LOW HITPOINT WARNING * * *
You feel drained.
* * * LOW HITPOINT WARNING * * *
😨 HP[-10]
You now have 64 max hp (-2).
You take 10 damage, and now have 21/64 hp.
The wight attacks as you move away! The wight closely misses you. 😨 MP[+1]
The wight attacks as you move away! The wight hits you with a +4 battleaxe!
* * * LOW HITPOINT WARNING * * *
You feel drained.
* * * LOW HITPOINT WARNING * * *
The kobold brigand throws a poisoned dart.
The poisoned dart closely misses you.
You see here a +0 glaive of freezing. 😱 HP[-10]
You now have 62 max hp (-2).
You take 10 damage, and now have 11/62 hp.
As you read the scroll of teleportation {@r4}, it crumbles to dust.
You feel strangely unstable.
The wight hits you with a +4 battleaxe!!
You die...

Skill      XL: |  1  2  3  4  5  6  7  8  9 10 |
---------------+-------------------------------+-----
Staves         | 2 3 |  3.0
Fighting       | 2 3 4 5 6 |  6.0
Dodging        | 1 3 4 |  4.3
Spellcasting   | 2 3 4 5 6 |  6.6
Summonings     | 6 7 9 |  9.3
Polearms       | 1 3 4 5 6 |  6.3
Throwing       | |  1.0

Action                     |  1- 3 |  4- 6 |  7- 9 | 10-12 || total
---------------------------+-------+-------+-------+-------++-------
  Melee: Quarterstaff      |    55 |    49 |       |       ||   104
         Spear             |       |    63 |   174 |    47 ||   284
         Headbutt          |       |    14 |    15 |     5 ||    34
         Punch             |       |     1 |       |     1 ||     2
  Throw: Dart              |     9 |       |       |       ||     9
   Cast: Summon Small Mamm |    27 |    19 |    18 |     2 ||    66
         Call Canine Famil |       |    12 |    16 |     2 ||    30
         Summon Ice Beast  |       |       |    11 |     4 ||    15
 Invoke: Ancestor Identity |       |       |     1 |       ||     1
         Ancestor Life: Ba |       |       |       |     1 ||     1
    Use: Scroll            |       |       |     6 |     1 ||     7
         Potion            |       |       |     1 |       ||     1
   Stab: Sleeping          |     1 |       |       |       ||     1
         Distracted        |       |       |     4 |       ||     4
 Armour: Robe              |    17 |    27 |    30 |    14 ||    88
  Dodge: Dodged            |    39 |    38 |    40 |    18 ||   135

Levels and vault maps discovered:
D:1:      evilmike_arrival_fibonacci_small, layout_basic, serial_bayou_pond_e
D:2:      layout_loops_cross, minmay_3d_cube, uniq_sigmund
D:3:      layout_basic, nicolae_overflow_ecumenical_swirl,
          mainiacjoe_overflow_concentric_impassable, hangedman_decor_riveting
D:4:      cheibrodos_old_hovel, layout_loops_ring,
          pdpol_wu_jian_five_deadly_venoms, item_on_display_a
D:5:      layout_gridville, kennysheep_cluttered_room,
          kennysheep_opposing_triangles
D:6:      layout_loops_corners, nicolae_overflow_hidden_temple,
          lemuel_round_altar, minmay_temple_entry_sparse_star, uniq_edmund
D:7:      layout_gridville, ebering_ghost_reflecting_pool, uniq_duvessa,
          uniq_pikel
D:8:      layout_loops_ring, grunt_gozag_breadcrumbs,
          grunt_lair_entry_orc_guard_hut

Notes
Turn   | Place    | Note
-------+----------+-------------------------------------------
     0 | D:1      | spiderkeys the Demonspawn Wanderer began the quest for the
                  | Orb.
     0 | D:1      | spiderkeys set off with the following items: a +0
                  | quarterstaff, 11 poisoned darts, a +0 dagger, a scroll of
                  | fog, a +0 robe; and the following spell memorised: Summon
                  | Small Mammal; and the following spells available to
                  | memorise: Call Canine Familiar, Summon Ice Beast.
     0 | D:1      | Reached XP level 1. HP: 15/15 MP: 2/2
     0 | D:1      | magus.rc [v1.11.3]
   286 | D:1      | Gained mutation: You sometimes gain a little power by
                  | taking damage. [demonic ancestry]
   286 | D:1      | Reached XP level 2. HP: 7/21 MP: 0/3
   295 | D:1      | Reached skill level 2 in Staves
   296 | D:1      | HP: 3/21 [goblin/+0 club (4)]
  1210 | D:2      | You pick up a book of Blood and begin reading...
  1210 | D:2      | You add the spells Sublimation of Blood, Wereblood and
                  | Summon Hydra to your library.
  1344 | D:2      | Gained mutation: You have a pair of small horns on your
                  | head. [demonic ancestry]
  1344 | D:2      | Reached XP level 3. HP: 26/26 MP: 3/5
  1435 | D:2      | Noticed Sigmund
  1607 | D:2      | Killed Sigmund
  1608 | D:2      | Reached skill level 2 in Fighting
  1608 | D:2      | Reached skill level 1 in Dodging
  1608 | D:2      | Reached skill level 2 in Spellcasting
  1608 | D:2      | Reached XP level 4. HP: 34/34 MP: 2/7
  1608 | D:2      | Reached XP level 5. HP: 39/39 MP: 2/8
  1727 | D:2      | Learned a level 3 spell: Call Canine Familiar
  1990 | D:2      | You add the spells Volatile Blastmotes and Passage of
                  | Golubria to your library.
  1990 | D:2      | Got the Compilation of Movement
  2188 | D:2      | Reached skill level 3 in Staves
  2445 | D:3      | Found a snail-covered altar of Cheibriados.
  2538 | D:3      | Reached XP level 6. HP: 31/46 MP: 8/10
  2637 | D:3      | Found a faded altar of an unknown god.
  2657 | D:3      | Found a hide-covered altar of Uskayaw.
  3282 | D:4      | Reached skill level 3 in Fighting
  3321 | D:4      | Reached skill level 6 in Summonings
  3638 | D:4      | Reached skill level 1 in Polearms
  3638 | D:4      | Reached skill level 3 in Spellcasting
  3794 | D:4      | Found an ornate altar of the Wu Jian Council.
  3805 | D:4      | Noticed a spectral centipede
  3805 | D:4      | Noticed a spectral black mamba
  3805 | D:4      | Noticed a spectral cane toad
  4145 | D:4      | Reached XP level 7. HP: 53/53 MP: 1/12
  4298 | D:5      | Entered Level 5 of the Dungeon
  4504 | D:5      | Reached skill level 2 in Polearms
  4653 | D:5      | Reached skill level 4 in Fighting
  5055 | D:5      | Reached skill level 4 in Spellcasting
  5306 | D:5      | Learned a level 4 spell: Summon Ice Beast
  5365 | D:5      | Reached skill level 3 in Polearms
  5365 | D:5      | Gained mutation: You sometimes gain power by taking damage.
                  | [demonic ancestry]
  5365 | D:5      | Reached XP level 8. HP: 52/61 MP: 10/14
  5910 | D:6      | Noticed a hornet
  5916 | D:6      | Killed a hornet
  5917 | D:6      | Reached skill level 7 in Summonings
  5990 | D:6      | Found a hazy altar of Hepliaklqana.
  6043 | D:6      | Became a worshipper of Hepliaklqana the Forgotten
  6141 | D:6      | Identified the +1 trident of Doilixt {flame, +Blink Int+5}
  6181 | D:6      | Found a staircase to the Ecumenical Temple.
  6240 | D:6      | Noticed Edmund
  6250 | D:6      | Killed Edmund
  6251 | D:6      | Reached skill level 5 in Fighting
  6512 | D:6      | Reached * piety under Hepliaklqana
  6746 | D:6      | Reached skill level 4 in Polearms
  6803 | D:6      | Reached skill level 5 in Spellcasting
  7268 | D:7      | Reached XP level 9. HP: 62/62 MP: 11/16
  7330 | D:7      | HP: 9/62 [orc priest/divine providence (13)]
  7332 | D:7      | Reached skill level 6 in Fighting
  7332 | D:7      | Reached skill level 8 in Summonings
  7871 | D:7      | Found a runed translucent door.
  7872 | D:7      | Noticed puppykicker's ghost (novice DEHs)
  7924 | D:7      | Noticed a kobold demonologist
  7930 | D:7      | Killed a kobold demonologist
  7931 | D:7      | Reached skill level 5 in Polearms
  7931 | D:7      | Reached skill level 2 in Dodging
  8024 | D:7      | Noticed Pikel
  8036 | D:7      | Killed Pikel
  8037 | D:7      | Reached skill level 3 in Dodging
  8161 | D:7      | Reached skill level 6 in Spellcasting
  8209 | D:7      | Noticed Duvessa
  8209 | D:7      | Noticed Dowan
  8221 | D:7      | Killed Duvessa
  8222 | D:7      | Killed Dowan
  8234 | D:7      | Reached skill level 9 in Summonings
  8236 | D:7      | Reached XP level 10. HP: 56/68 MP: 14/19
  8317 | D:7      | Reached ** piety under Hepliaklqana
  8318 | D:7      | Remembered your ancestor backalleysnail as a battlemage
  8364 | D:7      | Reached skill level 6 in Polearms
  8552 | D:7      | Killed puppykicker's ghost
  8553 | D:7      | Reached skill level 4 in Dodging
  8817 | D:8      | Found a staircase to the Lair.
  8905 | D:8      | HP: 13/64 [wight/+4 battleaxe (8)]
  8906 | D:8      | Mangled by a wight

Vanquished Creatures
  Pikel (D:7)
  The ghost of puppykicker the Shooter, a novice DEHs of Sif Muna (D:7)
  A kobold demonologist (D:7)
  A hornet (D:6)
  2 vampire mosquitoes (D:7)
  Edmund (D:6)
  A water moccasin (D:8)
  Duvessa (D:7)
  An orc warrior (D:8)
  An ice beast (D:6)
  A black bear (D:6)
  A sky beast (D:7)
  3 ogres
  A centaur (D:7)
  2 lemures (D:7)
  4 bullfrogs
  2 scorpions
  A wight (D:7)
  4 hounds
  An orc priest (D:3)
  A sleepcap (D:6)
  2 orc wizards
  An iguana (D:4)
  2 gnolls (D:5)
  2 adders
  A worm (D:3)
  3 dart slugs
  13 orcs
  3 bats
  4 endoplasms
  A giant cockroach (D:1)
  6 goblins
  6 hobgoblins
  2 jackals (D:1)
  9 kobolds
  5 quokkas
  4 ball pythons
  3 frilled lizards
  3 rats
102 creatures vanquished.

Vanquished Creatures (collateral kills)
  Sigmund (D:2)
  A water moccasin (D:7)
  A sky beast (D:7)
  An ogre (D:4)
  A lemure (D:7)
  A kobold brigand (D:7)
  2 bullfrogs (D:8)
  2 scorpions (D:7)
  Dowan (D:7)
  4 wights (D:7)
  A hound (D:4)
  4 orc priests
  An orc wizard (D:7)
  3 gnolls (D:5)
  3 adders
  A white imp (D:7)
  8 orcs
  2 ball pythons (D:2)
  2 endoplasms (D:2)
  3 goblins
  4 kobolds
  A quokka (D:1)
48 creatures vanquished.

Grand Total: 150 creatures vanquished

Table legend:
 A = Non-vault XP
 B = Vault XP
 C = Vault XP percentage of total XP
 D = Non-vault monster count
 E = Vault monster count
 F = Vault count percentage of total count
                 A         B        C        D         E       F
            +---------+---------+-------+---------+---------+-------
      Total |    4737 |    2352 |  33.2 |     135 |      21 |  13.5
            +---------+---------+-------+---------+---------+-------
        D:1 |      34 |       0 |   0.0 |      19 |       0 |   0.0
        D:2 |      47 |     237 |  83.5 |      20 |       6 |  23.1
        D:3 |      84 |       0 |   0.0 |      19 |       0 |   0.0
        D:4 |     399 |      42 |   9.5 |       8 |       1 |  11.1
        D:5 |     553 |      70 |  11.2 |      15 |       4 |  21.1
        D:6 |     823 |     164 |  16.6 |      13 |       1 |   7.1
        D:7 |    2454 |    1344 |  35.4 |      33 |       4 |  10.8
        D:8 |     343 |     495 |  59.1 |       8 |       5 |  38.5
            +---------+---------+-------+---------+---------+-------

Skill      XL: |  1  2  3  4  5  6  7  8  9 10 |
---------------+-------------------------------+-----
Staves         | 2 3 |  3.0
Fighting       | 2 3 4 5 6 |  6.0
Dodging        | 1 3 4 |  4.3
Spellcasting   | 2 3 4 5 6 |  6.6
Summonings     | 6 7 9 |  9.3
Polearms       | 1 3 4 5 6 |  6.3
Throwing       | |  1.0

Action                     |  1- 3 |  4- 6 |  7- 9 | 10-12 || total
---------------------------+-------+-------+-------+-------++-------
  Melee: Quarterstaff      |    55 |    49 |       |       ||   104
         Spear             |       |    63 |   174 |    47 ||   284
         Headbutt          |       |    14 |    15 |     5 ||    34
         Punch             |       |     1 |       |     1 ||     2
  Throw: Dart              |     9 |       |       |       ||     9
   Cast: Summon Small Mamm |    27 |    19 |    18 |     2 ||    66
         Call Canine Famil |       |    12 |    16 |     2 ||    30
         Summon Ice Beast  |       |       |    11 |     4 ||    15
 Invoke: Ancestor Identity |       |       |     1 |       ||     1
         Ancestor Life: Ba |       |       |       |     1 ||     1
    Use: Scroll            |       |       |     6 |     1 ||     7
         Potion            |       |       |     1 |       ||     1
   Stab: Sleeping          |     1 |       |       |       ||     1
         Distracted        |       |       |     4 |       ||     4
 Armour: Robe              |    17 |    27 |    30 |    14 ||    88
  Dodge: Dodged            |    39 |    38 |    40 |    18 ||   135

Illustrated notes

Table legend:
 A = Kills in this place as a percentage of kills in the entire game.
 B = Kills by you in this place as a percentage of kills by you in the entire game.
 C = Kills by friends in this place as a percentage of kills by friends in the entire game.
 D = Other kills in this place as a percentage of other kills in the entire game.
 E = Experience gained in this place as a percentage of experience gained in the entire game.
 F = Experience gained in this place divided by the number of levels of this place that you have seen.
                   A       B       C       D       E      F
               +-------+-------+-------+-------+-------+----------------------
         Total | 100.0 | 100.0 | 100.0 | 100.0 | 100.0 | 886.1
       Dungeon | 100.0 | 100.0 | 100.0 | 100.0 | 100.0 | 886.1
               +-------+-------+-------+-------+-------+----------------------

Table legend: (Time is in decaauts)
 A = Elapsed time spent in this place.
 B = Non-inter-level travel time spent in this place.
 C = Inter-level travel time spent in this place.
 D = Time resting spent in this place.
 E = Time spent auto-exploring this place.
 F = Levels seen in this place.
 G = Mean time per level.
                   A        B        C        D        E       F      G
               +--------+--------+--------+--------+--------+-----+--------+
         Total |   8887 |   8518 |    369 |    118 |   7138 |   8 | 1110.9 |
       Dungeon |   8887 |   8518 |    369 |    118 |   7138 |   8 | 1110.9 |
               +--------+--------+--------+--------+--------+-----+--------+

Top non-repeatable levels by time:
     D:7: 1590 daAuts
     D:5: 1470 daAuts
     D:1: 1247 daAuts
     D:6: 1224 daAuts
     D:4: 1107 daAuts
     D:2: 1072 daAuts
     D:3: 913 daAuts
     D:8: 260 daAuts
